 Dungeon Crawl Stone Soup version 0.30-a0-778-g2ef04afb54 (webtiles) character file.

Game seed: 2372911412959669540

126 dialectric the Trooper (level 4, -2/52 HPs)
             Began as a Demonspawn Fighter on Feb 16, 2023.
             Killed by divine providence
             ... invoked by an orc priest
              (12 damage)
             ... on level 4 of the Dungeon.
             The game lasted 00:03:38 (2609 turns).

dialectric the Trooper (Demonspawn Fighter)         Turns: 2609, Time: 00:03:39

Health: -2/52      AC: 22    Str: 16 (18) XL:     4   Next: 84%
Magic:  4/4        EV:  2    Int:  9 (10) God:
Gold:   220        SH:  0    Dex: 11 (12) Spells: 3/3 levels left

rFire   . . .      SeeInvis .    m - +7 Throatcutter {drain, coup de grace}
rCold   . . .      Faith    .    (no shield)
rNeg    . . .      Spirit   .    (body armour currently unavailable)
rPois   +          Reflect  .    (helmet currently unavailable)
rElec   .          Harm     .    (cloak currently unavailable)
rCorr   .          Rampage  .    (gloves currently unavailable)
Will    .....      NoTele   +    (boots currently unavailable)
Stlth   +                        (no amulet)
HPRegen 0.28/turn                (no ring)
MPRegen 0.09/turn                (no ring)

@: tree-form, hasted, very quick
A: stationary, stasis, torment immunity, boosted hp, (molten scales 1), (demonic
touch 1)
a: no special abilities


You were on level 4 of the Dungeon.
You were a tree.
You visited 1 branch of the dungeon, and saw 4 of its levels.

You collected 220 gold pieces.

Inventory:

Hand Weapons
 a - a +0 flail
 m - the +7 Throatcutter (weapon) {drain, coup de grace}
   (You found it on level 2 of the Dungeon)
Armour
 b - a +0 scale mail (melded)
 g - a +0 cloak (melded)
 t - a +0 helmet (melded)
Jewellery
 o - a ring of flight
Scrolls
 i - a scroll of blinking {unknown}
 j - 2 scrolls of identify
 k - a scroll of fear {unknown}
 l - a scroll of noise {unknown}
 s - a scroll of teleportation {unknown}
 u - a scroll of enchant armour {unknown}
Potions
 c - 2 potions of curing
 d - 3 potions of might
 e - a potion of attraction
 f - a potion of mutation {unknown}
 n - 2 potions of degeneration


   Skills:
 - Level 3.4 Fighting
 * Level 2.6 Long Blades
 - Level 2.3 Maces & Flails
 - Level 3.2 Armour
 - Level 3.0 Shields


You had 3 spell levels left.
You didn't know any spells.
Your spell library was empty.

Dungeon Overview and Level Annotations

Branches:
Dungeon (4/15)
 Temple: D:4-7

Altars:
Makhleb
Trog


Innate Abilities, Weirdness & Mutations

You are a tree.
Your roots penetrate the ground, keeping you stationary.
You cannot be teleported.
You are immune to unholy pain and torment.
Your maximum health is greatly increased.
Your equipment is partially melded.
((You are partially covered in molten scales. (AC +2)))
((Your touch may inflict minor irresistible damage on your foes.))


Message History

The orc hits you but does no damage.
You slash the orc!
You kill the orc!
You cannot move.
You cannot move.
You cannot move.
You cannot move.
You cannot move.
You cannot move.
Unknown command.
You cannot move.
There are monsters nearby!
There are monsters nearby!
What are your orders? t - Creak!
Orders for allies: a - Attack new target. r - Retreat! s - Stop attacking. g - Guard the area. f - Follow me.
Anything else - Cancel.
Stop fighting!
Something hits you but does no damage. Something hits you but does no damage.
The quokka twitches its whiskers.
Something hits you but does no damage.
You hear some strange, mumbled words.
A puff of flame appears from out of thin air!
The puff of flame hits you.
* * * LOW HITPOINT WARNING * * *
Something hits you but does no damage. Something hits you but does no damage.
Something hits you.
* * * LOW HITPOINT WARNING * * *
Something hits you but does no damage. Something hits you but does no damage.
Something hits you but does no damage. Something hits you but does no damage.
Something hits you but does no damage.
The orc priest calls down the wrath of Beogh upon you.
Beogh smites you!
You die...

### #.. #.# . #.#
....########.###########
.......♣{ohro..)........
....########.######..###
# #.# ##..# #o# ##.#


oh# #.## ..o# ######... ....# #........ .....# #.######. ....... #. You could
see a black bear, an orc priest, an orc and a quokka.

Vanquished Creatures
  Robin (D:3)
  3 adders
  2 worms
  A dart slug (D:2)
  2 orcs (D:4)
  4 ball pythons
  10 bats
  5 endoplasms
  A giant cockroach (D:3)
  12 goblins
  13 hobgoblins
  2 jackals (D:1)
  7 kobolds
  A quokka (D:1)
  6 frilled lizards
  4 rats
74 creatures vanquished.

Notes
Turn   | Place    | Note
-------+----------+-------------------------------------------
     0 | D:1      | dialectric the Demonspawn Fighter began the quest for the
                  | Orb.
     0 | D:1      | Reached XP level 1. HP: 18/18 MP: 1/1
   155 | D:1      | Gained mutation: You are partially covered in molten
                  | scales. (AC +2) [demonic ancestry]
   155 | D:1      | Reached XP level 2. HP: 24/24 MP: 2/2
   586 | D:1      | Gained mutation: Your touch may inflict minor irresistible
                  | damage on your foes. [demonic ancestry]
   586 | D:1      | Reached XP level 3. HP: 29/29 MP: 3/3
  1199 | D:2      | Found the +7 Throatcutter {drain, coup de grace}
  1694 | D:2      | Found a burning altar of Makhleb.
  1983 | D:3      | Reached skill level 1 in Long Blades
  1993 | D:3      | Found a bloodstained altar of Trog.
  2028 | D:3      | Reached XP level 4. HP: 35/35 MP: 4/4
  2129 | D:3      | Noticed Robin
  2154 | D:3      | Killed Robin
  2568 | D:4      | Noticed a black bear
  2609 | D:4      | Killed from afar by an orc priest

Illustrated notes

Levels and vault maps discovered:
D:1:      wheals_arrival_linesprint, layout_loops_cross
D:2:      layout_loops_corners, basic_altar, chequers_serial_rivers_room_a
D:3:      layout_rooms, mainiacjoe_overflow_boulevard,
          dreamdust_princess_bridge, uniq_robin
D:4:      layout_basic

Skill      XL: |  1  2  3  4 |
---------------+-------------+-----
Shields        | 3 |  3.0
Maces & Flails | 2 |  2.3
Armour         | 3 |  3.2
Long Blades    | 1 2 |  2.6
Fighting       | |  3.4

Action                     |  1- 3 |  4- 6 || total
---------------------------+-------+-------++-------
  Melee: Flail             |    96 |       ||    96
         Punch             |     1 |       ||     1
         Long sword        |    29 |    46 ||    75
         Touch             |     2 |     4 ||     6
    Use: Scroll            |     1 |       ||     1
         Potion            |       |     6 ||     6
 Armour: Scale mail        |    80 |    30 ||   110
         Skin              |       |    12 ||    12
  Dodge: Dodged            |    74 |    31 ||   105

Table legend: (Time is in decaauts)
 A = Elapsed time spent in this place.
 B = Non-inter-level travel time spent in this place.
 C = Inter-level travel time spent in this place.
 D = Time resting spent in this place.
 E = Time spent auto-exploring this place.
 F = Levels seen in this place.
 G = Mean time per level.
                   A        B        C        D        E       F      G
               +--------+--------+--------+--------+--------+-----+--------+
         Total |   2651 |   2488 |    163 |     57 |   1960 |   4 |  662.8 |
       Dungeon |   2651 |   2488 |    163 |     57 |   1960 |   4 |  662.8 |
               +--------+--------+--------+--------+--------+-----+--------+

Top non-repeatable levels by time:
     D:2: 998 daAuts
     D:1: 959 daAuts
     D:3: 526 daAuts
     D:4: 167 daAuts
